 Dungeon Crawl Stone Soup version 0.26-a0-682-g294304f6e8 (webtiles) character file.

Game seed: 7894757970491635712

286 jiml777 the Magician (level 6, 0/32 HPs)
             Began as a Deep Elf Air Elementalist on Oct 20, 2020.
             Slain by a killer bee (3 damage)
             ... on level 4 of the Dungeon.
             The game lasted 00:29:58 (3729 turns).

jiml777 the Magician (Deep Elf Air Elementalist)    Turns: 3729, Time: 00:29:58

Health: 0/32       AC:  6    Str:  5    XL:     6   Next: 8%
Magic:  0/24       EV: 13    Int: 22    God:
Gold:   326        SH:  0    Dex: 15    Spells: 2/14 levels left

rFire    . . .     SeeInvis .   b - +2 whip (drain)
rCold    . . .     Faith    .   (no shield)
rNeg     . . .     Spirit   +   a - +1 robe
rPois    +         Reflect  .   (no helmet)
rElec    .         Harm     .   (no cloak)
rCorr    .         Rampage  .   (no gloves)
MR       .....                  y - +2 pair of boots
Stlth    ++........             m - amulet of guardian spirit
HPRegen  0.10/turn              c - ring of magical power
MPRegen  0.19/turn              g - ring of poison resistance

@: stab, hasted, very quick
A: no striking features
a: no special abilities


You were on level 4 of the Dungeon.
You visited 2 branches of the dungeon, and saw 5 of its levels.

You collected 326 gold pieces.

Inventory:

Hand Weapons
 b - a +2 whip of draining (weapon)
 w - a +1 dagger of pain
Missiles
 i - 2 throwing nets (quivered)
 p - 87 stones
 r - 3 javelins
Armour
 a - a +1 robe (worn)
 y - a +2 pair of boots (worn)
Jewellery
 c - a ring of magical power (left hand)
 g - a ring of poison resistance (right hand)
 m - an amulet of guardian spirit (around neck)
 x - an uncursed ring of protection from cold
Scrolls
 d - 2 scrolls of magic mapping
 j - a scroll of teleportation
 l - a scroll of fear
 o - 3 scrolls of remove curse
 s - a scroll of fog {unknown}
 t - a scroll of blinking {unknown}
 u - a scroll of identify
Potions
 h - a potion of heal wounds
 n - a potion of might


   Skills:
 + Level 0.1 Fighting
 + Level 2.7 Dodging
 + Level 3.1 Stealth
 + Level 4.8 Spellcasting
 + Level 3.8 Conjurations
 * Level 1.0 Translocations
 + Level 4.3 Air Magic
 * Level 0.7 Poison Magic


You had 2 spell levels left.
You knew the following spells:

 Your Spells              Type           Power        Failure   Level
a - Shock                 Conj/Air       ###.         1%          1
b - Swiftness             Air            ###.....     2%          2
c - Static Discharge      Conj/Air       ###.....     6%          3
d - Magic Dart            Conj           ###.         2%          1
e - Mephitic Cloud        Conj/Pois/Air  ###.....     9%          3
f - Blink                 Tloc           N/A          10%         2

Your spell library contained the following spells:

 Spells                   Type           Power        Failure   Level
 Call Imp                 Summ           #.......     16%         2
 Slow                     Hex            #.......     16%         2
 Conjure Flame            Conj/Fire      ##......     14%         3
 Airstrike                Air            ###.......   17%         4
 Lightning Bolt           Conj/Air       ###.......   47%         5


Dungeon Overview and Level Annotations

Branches:
Dungeon (4/15)             Temple (1/1) D:4

Altars:
Cheibriados
Dithmenos
Gozag
Kikubaaqudgha
Makhleb
Nemelex Xobeh
Trog
Uskayaw
Vehumet
Xom
The Shining One

Shops:
D:4 =


Message History

The killer bee is heavily wounded.
Casting: Shock (safe; 1% risk of failure)
Confirm with . or Enter, or press ? or * to list all spells.
You don't have enough magic to cast that spell.
The killer bee stings you.
The killer bee stings you but does no damage.
The killer bee misses you. The killer bee closely misses you.
You start to feel a little faster.
The killer bee closely misses you. x2
The killer bee stings you!
* * * LOW HITPOINT WARNING * * *
The killer bee closely misses you. The killer bee misses you.
The killer bee stings you but does no damage.
The killer bee stings you.
* * * LOW HITPOINT WARNING * * *
You no longer feel sluggish.
The killer bee barely misses you. The killer bee closely misses you.
The killer bee stings you.
You die...

##)##.###...######
#.......#...#....#
#.......#...#.##.#
#...........#.##.####
##.#####....'.##....#
#†#........##......#
#.#.#.#............# ###
#.#.#.#yy..#......## #..
#.#.###@.###.###)#####..
#####.#.>...................
#.....#.....................
#.....#......#####.#######..
#.......####.# #. #####..
#............# .. ........
###..........# .. .....#..
#..........# ... .....#..
#..........# .... #..


You could see 2 killer bees.

Vanquished Creatures
  A scorpion (D:3)
  2 killer bees (D:4)
  2 orc wizards (D:4)
  A gnoll (D:1)
  3 adders
  A worm (D:2)
  A dart slug (D:2)
  3 leopard geckos
  4 orcs
  8 bats
  2 giant cockroaches (D:2)
  2 goblins
  4 hobgoblins
  2 jackals (D:2)
  4 kobolds
  9 frilled lizards
  5 rats
54 creatures vanquished.

Notes
Turn   | Place    | Note
-------+----------+-------------------------------------------
     0 | D:1      | jiml777 the Deep Elf Air Elementalist began the quest for
                  | the Orb.
     0 | D:1      | Reached XP level 1. HP: 10/10 MP: 6/6
   436 | D:1      | Reached XP level 2. HP: 6/15 MP: 8/8
  1126 | D:1      | You fall into a shaft and drop 1 floor!
  1275 | D:1      | Reached XP level 3. HP: 6/19 MP: 9/9
  1683 | D:2      | Learned a level 2 spell: Swiftness
  1687 | D:2      | Learned a level 3 spell: Static Discharge
  1825 | D:2      | Found a hide-covered altar of Uskayaw.
  2066 | D:2      | Reached XP level 4. HP: 24/24 MP: 11/11
  2247 | D:3      | Found a snail-covered altar of Cheibriados.
  2591 | D:3      | Reached XP level 5. HP: 28/28 MP: 12/12
  2628 | D:3      | Found a faded altar of an unknown god.
  3064 | D:4      | Found a staircase to the Ecumenical Temple.
  3080 | Temple   | Entered the Ecumenical Temple
  3083 | Temple   | Learned a level 1 spell: Magic Dart
  3087 | Temple   | Learned a level 3 spell: Mephitic Cloud
  3090 | Temple   | Learned a level 2 spell: Blink
  3436 | D:4      | Found Ywkicu's Jewellery Shop.
  3719 | D:4      | Reached skill level 1 in Translocations
  3719 | D:4      | Reached XP level 6. HP: 14/32 MP: 0/15
  3729 | D:4      | Slain by a killer bee

Illustrated notes

Levels and vault maps discovered:
D:1:      lemuel_arrival_room, layout_loops_ring, st_stairs_11,
          minmay_heptomino_o4
D:2:      layout_rooms, eat_drink_and_be_merry_uskayaw
D:3:      layout_basic, lemuel_round_altar,
          chequers_ecumenical_altar_simple_redux
D:4:      layout_basic, minmay_temple_entry_offerings, serial_shops,
          nicolae_shop_window_shopping
Temple:   chequers_temple_sunken

Skill      XL: |  1  2  3  4  5 |
---------------+----------------+-----
Conjurations   | 2 3 |  3.8
Air Magic      | 4 |  4.3
Spellcasting   | 4 |  4.8
Stealth        | 3 |  3.1
Translocations | 1 |  1.0
Fighting       | |  0.1
Dodging        | |  2.7
Poison Magic   | |  0.7

Action                   |  1- 3 |  4- 6 || total
-------------------------+-------+-------++-------
 Cast: Shock             |    86 |    38 ||   124
       Static Discharge  |       |     4 ||     4
       Swiftness         |       |     1 ||     1
  Use: Scroll            |       |     8 ||     8
       Potion            |       |     6 ||     6
Armor: Robe              |     4 |     6 ||    10
Dodge: Dodged            |    15 |    35 ||    50

Table legend: (Time is in decaauts)
 A = Elapsed time spent in this place.
 B = Non-inter-level travel time spent in this place.
 C = Inter-level travel time spent in this place.
 D = Time resting spent in this place.
 E = Time spent auto-exploring this place.
 F = Levels seen in this place.
 G = Mean time per level.
                   A        B        C        D        E       F      G
               +--------+--------+--------+--------+--------+-----+--------+
         Total |   3758 |   3703 |     55 |   1137 |   1669 |   5 |  751.6 |
       Dungeon |   3525 |   3499 |     26 |   1137 |   1476 |   4 |  881.2 |
        Temple |    233 |    205 |     28 |      0 |    193 |   1 |  233.0 |
               +--------+--------+--------+--------+--------+-----+--------+

Top non-repeatable levels by time:
     D:1: 1524 daAuts
     D:3: 852 daAuts
     D:2: 680 daAuts
     D:4: 468 daAuts
  Temple: 233 daAuts
